 Dungeon Crawl Stone Soup version 0.23-a0-171-g5ae17c6 (webtiles) character file.

1477 Ijustatesigmund the Skirmisher (level 8, 0/60 HPs)
             Began as an Octopode Gladiator on Sept 13, 2018.
             Was an Initiate of the Shining One.
             Splashed by Edmund's acid (7 damage)
             ... on level 5 of the Dungeon on Sept 14, 2018.
             The game lasted 00:13:03 (4993 turns).

Ijustatesigmund the Skirmisher (Octopode Gladiator) Turns: 4993, Time: 00:13:04

Health: 0/60       AC: -3    Str: 17    XL:     8   Next: 79%
Magic:  19/19      EV: 11    Int: 14    God:    the Shining One [......]
Gold:   226        SH: 15    Dex: 16    Spells: 7/7 levels left

rFire    . . .     SeeInvis +   j - +3 war axe of the Demagogue {holy, rC+ MR+ Str+4 Int+4}
rCold    + . .     Gourm    .   w - +0 large shield (curse)
rNeg     + . .     Faith    .   b - +0 hat
rPois    .         Spirit   .   (no amulet)
rElec    .         Reflect  .   h - ring of see invisible
rCorr    .         Harm     .   o - ring of positive energy
MR       +....                  t - ring of magical power
Stlth    ++........             (no ring)
HPRegen  0.20/turn              (no ring)
MPRegen  0.16/turn              (no ring)
                                (no ring)
                                (no ring)

@: corroded, glowing
A: almost no armour, stealthy swim, amphibious, 8 rings, constrict 8, camouflage
1, gelatinous body 1
a: Renounce Religion


You were on level 5 of the Dungeon.
You worshipped the Shining One.
The Shining One was noncommittal.
You were not hungry.

You visited 2 branches of the dungeon, and saw 8 of its levels.

You collected 226 gold pieces.

Inventory:

Hand Weapons
 a - a +2 war axe
 j - the +3 war axe of the Demagogue (weapon) {holy, rC+ MR+ Str+4 Int+4}
   (You found it on level 5 of the Dungeon)

   It has been blessed by the Shining One to cause great damage to the undead
   and demons.
   It affects your strength (+4).
   It affects your intelligence (+4).
   It protects you from cold.
   It affects your resistance to hostile enchantments.
 m - a +1 hand axe of flaming
Missiles
 c - 4 throwing nets (quivered)
 f - 4 javelins
Armour
 b - a +0 hat (worn)
 w - a cursed +0 large shield (worn)
Jewellery
 h - a ring of see invisible (left tentacle)
 o - a ring of positive energy (right tentacle)
 t - a ring of magical power (on tentacle)
Wands
 g - a wand of paralysis (18)
 n - a wand of flame (13)
Scrolls
 e - 2 scrolls of fear
 i - a scroll of identify
 s - 3 scrolls of fog
 v - 2 scrolls of remove curse
Potions
 k - 2 potions of brilliance
 l - 2 potions of curing
 p - a potion of haste
 q - a potion of magic {unknown}
 r - a potion of flight {unknown}
 u - a potion of resistance {unknown}
Comestibles
 d - 5 rations


   Skills:
 + Level 7.3 Fighting
 - Level 3.9 Axes
 - Level 2.0 Throwing
 - Level 3.0 Dodging
 - Level 3.5 Stealth
 - Level 6.1 Shields
 + Level 3.0 Invocations


You had 7 spell levels left.
You didn't know any spells.
Your spell library was empty.

Dungeon Overview and Level Annotations

Branches:
Dungeon (7/15)             Temple (1/1) D:4

Altars:
Ashenzari
Cheibriados
Dithmenos
Elyvilon
Fedhas
Gozag
Hepliaklqana
Kikubaaqudgha
Makhleb
Nemelex Xobeh
Okawaru
Qazlal
Ru
Sif Muna
Trog
Uskayaw
Vehumet
Wu Jian
Xom
Zin
The Shining One

Shops:
D:4 =

Annotations:
D:4 2 runed doors, Natasha; Nib's ghost, novice FoFi
D:5 Edmund


Innate Abilities, Weirdness & Mutations

You cannot wear most types of armour.
You are very stealthy in the water. (Stealth+)
You are amphibious.
You can wear up to eight rings at the same time.
You can use your tentacles to constrict eight enemies at once.
Your skin changes colour to match your surroundings (Stealth+).
Your rubbery body absorbs attacks. (AC +1, EV +1)


Message History

Edmund zaps a wand.
The bolt of acid hits your leopard gecko.
Your leopard gecko is splashed with acid.
Your leopard gecko dies!
Your leopard gecko's corpse dissolves into shadows!
It is a wand of acid (12).
Edmund throws a stone.
You block the stone.
You see here a stone.
Edmund throws a stone.
The stone closely misses you.
Edmund clears his throat.
Edmund zaps a wand.
The bolt of acid hits you! The acid corrodes you!
You are splashed with acid!
The acid burns!
Edmund throws a stone.
You block the stone.
You see here a stone.
You swap places.
Edmund says, "I might not be good at magic, but I can still kill you!"
Edmund zaps a wand.
The bolt of acid hits you!
* * * LOW HITPOINT WARNING * * *
You are splashed with acid!
The acid burns!
You die...

#.# #.# #.# #.#
#.# #.# #.# #.#
#.# #.# #
#.###'#### #
#.#......# #
#@#......# #
######@#......#
#
.......l(...####
# ............#
# ............#
# .........((.#
#########'#.#
#########.#.#
#...l.l...#.#
#.#########.#


You could see Edmund and a friendly leopard gecko.

Vanquished Creatures
  Prince Ribbit (D:5)
  Grinder (D:3)
  A hungry ghost (D:4)
  Duvessa (D:4)
  A water moccasin (D:7)
  A slave (D:7)
  A necrophage (D:6)
  An ogre (D:7)
  Dowan (D:4)
  A howler monkey (D:5)
  A jelly (D:5)
  2 hounds (D:5)
  A bullfrog skeleton (D:5)
  A centaur skeleton (D:5)
  An orc wizard (D:6)
  Crazy Yiuf (D:4)
  Natasha (D:4)
  3 worker ants
  A worker ant zombie (D:5)
  Robin (D:3)
  8 adders
  An adder skeleton (D:4)
  3 worms
  2 dart slugs (D:1)
  2 leopard geckos
  7 orcs
  2 ball pythons
  7 giant cockroaches
  12 goblins
  4 hobgoblins
  15 jackals
  4 quokkas
  8 bats
  3 frilled lizards
  A jackal skeleton (D:6)
  7 kobolds
  8 rats
117 creatures vanquished.

Notes
Turn   | Place    | Note
-------+----------+-------------------------------------------
     0 | D:1      | Ijustatesigmund the Octopode Gladiator began the quest for
                  | the Orb.
     0 | D:1      | Reached XP level 1. HP: 14/14 MP: 1/1
    10 | D:1      | Reached skill level 1 in Stealth
    97 | D:1      | Reached XP level 2. HP: 18/19 MP: 2/2
   333 | D:1      | Reached XP level 3. HP: 17/24 MP: 3/3
  1019 | D:2      | Reached XP level 4. HP: 17/29 MP: 4/4
  1399 | D:2      | Reached skill level 1 in Shields
  1841 | D:3      | Noticed Grinder
  1917 | D:3      | Paralysed by Grinder for 5 turns
  1924 | D:3      | Killed Grinder
  1924 | D:3      | Reached skill level 3 in Fighting
  1924 | D:3      | Reached XP level 5. HP: 2/37 MP: 5/5
  1924 | D:3      | Reached XP level 6. HP: 3/43 MP: 6/6
  2467 | D:3      | Reached skill level 4 in Fighting
  2469 | D:3      | Noticed Robin
  2479 | D:3      | Killed Robin
  2697 | D:3      | Found a faded altar of an unknown god.
  3192 | D:4      | Noticed Duvessa
  3192 | D:4      | Noticed Dowan
  3204 | D:4      | Killed Duvessa
  3204 | D:4      | Reached XP level 7. HP: 24/49 MP: 7/7
  3216 | D:5      | Entered Level 5 of the Dungeon
  3460 | D:5      | Got a steaming war axe
  3461 | D:5      | Identified the +3 war axe of the Demagogue {holy, rC+ MR+
                  | Str+4 Int+4} (You found it on level 5 of the Dungeon)
  3525 | D:5      | You fall through a shaft for 2 floors!
  3570 | D:7      | Reached skill level 5 in Fighting
  3702 | D:6      | Reached skill level 5 in Shields
  3947 | D:5      | Reached XP level 8. HP: 55/57 MP: 8/8
  3949 | D:5      | Noticed Prince Ribbit
  3954 | D:5      | Killed Prince Ribbit
  3954 | D:5      | Reached skill level 6 in Fighting
  4021 | D:4      | Killed Dowan
  4106 | D:4      | Found a runed door.
  4110 | D:4      | Noticed Crazy Yiuf
  4114 | D:4      | Killed Crazy Yiuf
  4141 | D:4      | Found Kesuewif's Jewellery Emporium.
  4148 | D:4      | Found a staircase to the Ecumenical Temple.
  4155 | Temple   | Entered the Ecumenical Temple
  4246 | Temple   | Became a worshipper of the Shining One
  4272 | D:4      | Reached skill level 1 in Invocations
  4355 | D:4      | Noticed Nib's ghost (novice FoFi)
  4356 | D:4      | Found a large runed door.
  4356 | D:4      | Found a large runed door.
  4382 | D:4      | Noticed Natasha
  4385 | D:4      | Killed Natasha
  4451 | D:4      | Reached skill level 7 in Fighting
  4514 | D:4      | Noticed Natasha
  4987 | D:5      | Noticed Edmund
  4993 | D:5      | Splashed by Edmund's acid

Vault maps used:
D:1:      giann_bridges, patterned_corridor
D:3:      chequers_ecumenical_altar_twisty, uniq_robin, uniq_grinder
D:4:      temple_green, ebering_ghost_disaster_area, serial_shops, shop,
          uniq_crazy_yiuf_cottage, uniq_natasha, uniq_duvessa
D:5:      first_ration, uniq_prince_ribbit1, uniq_edmund
D:6:      uniq_sigmund
D:7:      uniq_pikel
Temple:   grunt_wide_crystal_templ

Skill      XL: |  1  2  3  4  5  6  7  8 |
---------------+-------------------------+-----
Stealth        | 1 2 3 |  3.5
Shields        | 3 4 5 6 |  6.1
Fighting       | 3 4 5 7 |  7.3
Invocations    | 3 |  3.0
Axes           | |  3.9
Throwing       | |  2.0
Dodging        | |  3.0

Action                   |  1- 3 |  4- 6 |  7- 9 || total
-------------------------+-------+-------+-------++-------
Melee: War axe           |    53 |    84 |    69 ||   206
       Constrict         |    13 |    22 |    15 ||    50
       Tentacles         |     9 |    13 |    22 ||    44
  Use: Scroll            |       |     8 |     5 ||    13
       Potion            |       |     3 |     2 ||     5
 Stab: Sleeping          |     7 |    10 |     2 ||    19
       Distracted        |       |       |     1 ||     1
  Eat: Chunk             |       |     3 |     1 ||     4
       Ration            |       |     1 |     3 ||     4
Armor: Skin              |     5 |     5 |     3 ||    13
Dodge: Dodged            |    62 |    25 |    40 ||   127
Block: Shield            |       |    32 |    24 ||    56
       Large shield      |       |       |    16 ||    16

Table legend:
 A = Non-vault XP
 B = Vault XP
 C = Vault XP percentage of total XP
 D = Non-vault monster count
 E = Vault monster count
 F = Vault count percentage of total count
                 A         B        C        D         E       F
            +---------+---------+-------+---------+---------+-------
      Total |    1270 |     841 |  39.8 |     102 |      14 |  12.1
            +---------+---------+-------+---------+---------+-------
        D:1 |      62 |       0 |   0.0 |      26 |       0 |   0.0
        D:2 |      64 |       0 |   0.0 |      22 |       0 |   0.0
        D:3 |      95 |     281 |  74.7 |      25 |       9 |  26.5
        D:4 |     272 |     296 |  52.1 |       6 |       4 |  40.0
        D:5 |     291 |     264 |  47.6 |       7 |       1 |  12.5
        D:6 |     208 |       0 |   0.0 |      12 |       0 |   0.0
        D:7 |     278 |       0 |   0.0 |       4 |       0 |   0.0
            +---------+---------+-------+---------+---------+-------
